 Dungeon Crawl Stone Soup version 0.31-a0-175-g9f7f995f2b (webtiles) character file.

Game seed: 9810534934342560541

108 qw the Shooter (level 4, -3/28 HPs)
             Began as a Gargoyle Hunter on June 16, 2023.
             Slain by a gnoll bouda
             ... wielding a +0 whip
              (4 damage)
             ... on level 3 of the Dungeon.
             The game lasted 00:00:34 (1874 turns).

qw the Shooter (Gargoyle Hunter)                    Turns: 1874, Time: 00:00:35

Health: -3/28      AC:  8    Str: 15    XL:     4   Next: 87%
Magic:  4/4        EV: 11    Int:  9    God:
Gold:   110        SH:  0    Dex: 15    Spells: 3/3 levels left

rFire   . . .        Y - +2 shortbow (flame)
rCold   . . .        (shield currently unavailable)
rNeg    + . .        a - +0 ring mail
rPois   inf          (no helmet)
rElec   +            (no cloak)
rCorr   .            (no gloves)
SInv    .            (no boots)
Will    .....        (no amulet)
Stlth   +            (no ring)
HPRegen 0.24/turn    (no ring)
MPRegen 0.09/turn

%: no passive effects
@: weakened
A: sickness immunity, AC +3, negative energy resistance 1, electricity
resistance, torment resistance 1, petrification resistance
a: no special abilities


You were on level 3 of the Dungeon.
You visited 1 branch of the dungeon, and saw 3 of its levels.

You collected 110 gold pieces.


Innate Abilities, Weirdness & Mutations

You are immune to sickness and miasma.
Your stone body is resilient. (AC +3)
You are immune to poison.
You resist negative energy. (rN+)
You are resistant to electric shocks. (rElec)
You are resistant to unholy torment.
You are immune to petrification.


   Skills:
 - Level 3.0 Fighting
 + Level 5.5 Ranged Weapons
 - Level 1.0 Armour
 - Level 1.5 Dodging
 - Level 1.1 Stealth


You had 3 spell levels left.
You didn't know any spells.
Your spell library was empty.

Inventory:

Hand Weapons
 Y - a +2 shortbow of flaming (weapon)
Armour
 a - a +0 ring mail (worn)
Scrolls
 b - a scroll of immolation {unknown}
 c - 2 scrolls of identify
Potions
 d - a potion of ambrosia {unknown}
 e - a potion of cancellation
 f - a potion of attraction {unknown}
 g - a potion of lignification {unknown}
 k - a potion of degeneration {unknown}

Dungeon Overview and Level Annotations

Branches:
Dungeon (3/15)

Altars:


Message History

The gnoll bouda prays to its god.
The gnoll bouda is healed somewhat.
You shoot an arrow.
The arrow hits the gnoll bouda but does no damage.
The gnoll bouda is heavily wounded.
The gnoll closely misses you.
The gnoll bouda hits you with a +0 whip.
The gnoll hits you from afar with a +0 halberd.
The gnoll bouda hits you with a +0 whip.
You shoot an arrow.
The arrow barely misses the gnoll bouda.
The gnoll completely misses you.
The gnoll bouda barks out a call to the hunt!
The gnoll picks up the pace!
You shoot an arrow.
The arrow hits the gnoll bouda but does no damage.
The gnoll bouda is heavily wounded.
The gnoll completely misses you.
The gnoll bouda gazes fiercely through you!
You feel your attacks grow feeble. The gnoll bouda misses you.
You shoot an arrow.
The arrow hits the gnoll bouda but does no damage.
The gnoll bouda is heavily wounded.
The gnoll hits you but does no damage.
The gnoll bouda barks out a call to the hunt!
You shoot an arrow.
The arrow closely misses the gnoll bouda.
The gnoll closely misses you.
The gnoll bouda hits you but does no damage.
You shoot an arrow. The arrow hits the gnoll bouda.
The arrow burns the gnoll bouda.
The gnoll bouda is almost dead.
The gnoll hits you from afar with a +0 halberd.
The gnoll bouda barely misses you.
The gnoll hits you from afar with a +0 halberd!
The gnoll bouda gazes fiercely through you!
You feel as though you will be weak longer.
The gnoll bouda hits you with a +0 whip.
You die...

####.#.##
#....# #..#.#
#....# .)..#.#
#..### .###...#
##.## #####
#..### #....#
####.# #.# #@#
#g#
........g......
......#.##gg...
....###.# ..g.
..r #.# ... ..
#.# ## . #.#
#.#


You could see a gnoll bouda and a gnoll (swift).

Vanquished Creatures
  A hound (D:3)
  3 adders (D:2)
  3 worms (D:2)
  2 orcs (D:3)
  A bat (D:2)
  An endoplasm (D:1)
  2 giant cockroaches (D:2)
  5 goblins
  3 hobgoblins
  2 jackals (D:2)
  3 kobolds
  2 quokkas
  5 ball pythons
  2 frilled lizards (D:2)
  7 rats
42 creatures vanquished.

Notes
Turn   | Place    | Note
-------+----------+-------------------------------------------
     0 | D:1      | qw the Gargoyle Hunter began the quest for the Orb.
     0 | D:1      | Reached XP level 1. HP: 12/12 MP: 1/1
     0 | D:1      | 0 ||| qw: Version: 0.2-a-29-g511e9b1
     0 | D:1      | 0 ||| qw: Game counter: 81
     0 | D:1      | 0 ||| qw: Always use a shield: true
     0 | D:1      | 0 ||| qw: God list: Okawaru
     0 | D:1      | 0 ||| qw: Allow faded altars: false
     0 | D:1      | 0 ||| qw: Do Orc after D:15 true
     0 | D:1      | 0 ||| qw: Do second Lair branch before Depths: true
     0 | D:1      | 0 ||| qw: Lair rune preference: random
     0 | D:1      | 0 ||| qw: Plans: Normal, Zot:1-4, Slime:5, God:TSO, Crypt,
                  | Tomb, Abyss, Pan, Hells, Win
     0 | D:1      | 0 ||| PLANNING D:1-11
   163 | D:1      | You fall into a shaft and drop 1 floor!
   218 | D:2      | Reached XP level 2. HP: 17/17 MP: 2/2
   385 | D:2      | 385 ||| DROPPING scarf of shadows.
   386 | D:2      | 386 ||| READING 2 scrolls labelled FUPSEK TAJO.
   387 | D:2      | 387 ||| READING scroll of enchant weapon.
   387 | D:2      | 387 ||| ENCHANTING +1 shortbow.
   388 | D:2      | 388 ||| READING scroll labelled OCA ZOIKIU.
   389 | D:2      | 389 ||| READING scroll labelled PUENAB EHIFY.
   390 | D:2      | 390 ||| READING scroll labelled TIMUMO ZEAHOUGH.
   391 | D:2      | 391 ||| DROPPING scroll of butterflies.
   503 | D:1      | Reached XP level 3. HP: 21/21 MP: 3/3
   633 | D:1      | Found a faded altar of an unknown god.
   788 | D:1      | Reached skill level 5 in Ranged Weapons
  1054 | D:1      | 1054 ||| UPGRADING to +0 ring mail.
  1064 | D:1      | 1064 ||| DROPPING +0 leather armour.
  1065 | D:1      | 1065 ||| READING scroll labelled ESO COBRET.
  1066 | D:1      | 1066 ||| READING scroll labelled ZOUWEIFE XAJI.
  1067 | D:1      | 1067 ||| DRINKING 2 cyan potions.
  1201 | D:2      | Reached skill level 1 in Armour
  1365 | D:2      | Reached skill level 3 in Fighting
  1365 | D:2      | Reached XP level 4. HP: 25/28 MP: 4/4
  1797 | D:2      | 1797 ||| READING scroll labelled QOEJEITAAWN.
  1845 | D:3      | Identified the +7 spear of the Imbibing Shrike {freeze,
                  | rPois rCorr Str+4}
  1859 | D:3      | 1859 ||| Stepping ~*~*~tactically~*~*~ (outnumbered).
  1874 | D:3      | HP: 1/28 [gnoll/+0 halberd[a gnoll bouda] (8)]
  1874 | D:3      | Slain by a gnoll bouda

Levels and vault maps discovered:
D:1:      saegor_arrival_simple_a, layout_loops_ring,
          ebering_ecumenical_altar_petrified, minmay_misc_feat_diagonals,
          minmay_indecisive_spiral
D:2:      layout_loops_corners
D:3:      layout_rooms, minmay_misc_feat_plants

Skill      XL: |  1  2  3 |
---------------+----------+-----
Ranged Weapons | 5 |  5.5
Armour         | 1 |  1.0
Fighting       | 3 |  3.0
Dodging        | |  1.5
Stealth        | |  1.1

Action                     |  1- 3 |  4- 6 || total
---------------------------+-------+-------++-------
   Fire: Shortbow          |    80 |    42 ||   122
    Use: Scroll            |     7 |     1 ||     8
         Potion            |     1 |       ||     1
 Armour: Leather armour    |    11 |       ||    11
         Ring mail         |     1 |     4 ||     5
  Dodge: Dodged            |    13 |    20 ||    33

Table legend:
 A = Non-vault XP
 B = Vault XP
 C = Vault XP percentage of total XP
 D = Non-vault monster count
 E = Vault monster count
 F = Vault count percentage of total count
                 A         B        C        D         E       F
            +---------+---------+-------+---------+---------+-------
      Total |     149 |       6 |   3.9 |      38 |       4 |   9.5
            +---------+---------+-------+---------+---------+-------
        D:1 |      14 |       6 |  30.0 |       9 |       4 |  30.8
        D:2 |      87 |       0 |   0.0 |      25 |       0 |   0.0
        D:3 |      48 |       0 |   0.0 |       4 |       0 |   0.0
            +---------+---------+-------+---------+---------+-------
